 Dungeon Crawl Stone Soup version 0.23.1 (webtiles) character file.

Game seed: 0

6213 Borgoz the Covert (level 11, -1/74 HPs)
             Began as a Halfling Assassin on Mar 8, 2019.
             Was a Follower of Ashenzari.
             Slain by a manticore (11 damage)
             ... on level 10 of the Dungeon.
             The game lasted 00:27:45 (9881 turns).

Borgoz the Covert (Halfling Assassin)               Turns: 9881, Time: 00:27:46

Health: -1/74      AC: 17    Str: 14    XL:     11   Next: 14%
Magic:  15/15      EV: 22    Int: 10    God:    Ashenzari [*.....]
Gold:   554        SH:  0    Dex: 21    Spells: 7/15 levels left

rFire    . . .     SeeInvis +   A - +9 whip "Mahikkikk" {protect, rElec rN+ Dex+4}
rCold    . . .     Gourm    .   (shield restricted)
rNeg     + . .     Faith    +   x - +0 leather armour
rPois    .         Spirit   .   q - +0 helmet
rElec    +         Reflect  .   G - +0 cloak
rCorr    .         Harm     .   I - +2 pair of gloves (curse)
MR       .....                  D - +0 pair of boots (curse)
Stlth    +++++.....             L - amulet of faith
HPRegen  0.22/turn              v - ring of see invisible
MPRegen  0.14/turn              (no ring)

@: protection aura
A: small, mutation resistance 1
a: Curse Item, Scrying, Renounce Religion


You were on level 10 of the Dungeon.
You worshipped Ashenzari.
Ashenzari was aware of your devotion.
You were not hungry.

You visited 2 branches of the dungeon, and saw 11 of its levels.

You collected 554 gold pieces.

Inventory:

Hand Weapons
 a - a +2 dagger of venom
 b - a +0 blowgun
 A - the +9 whip "Mahikkikk" (weapon) {protect, rElec rN+ Dex+4}
   (You took it off an orc on level 4 of the Dungeon)

   It protects the one who uses it against injury (+AC on strike).
   It affects your dexterity (+4).
   It insulates you from electricity.
   It protects you from negative energy.
 F - a +4 quarterstaff of chaos
Missiles
 e - 79 poisoned needles
 f - 7 curare-tipped needles
 u - 5 tomahawks
 w - 3 exploding tomahawks
 U - 2 throwing nets (quivered)
Armour
 q - a +0 helmet (worn)
 x - a +0 leather armour (worn)
 D - a cursed +0 pair of boots (worn)
 G - a +0 cloak (worn)
 I - a cursed +2 pair of gloves (worn)
 M - a +3 ring mail
 V - a +2 chain mail of poison resistance
Jewellery
 l - an uncursed ring of fire
 v - a ring of see invisible (left hand)
 K - an uncursed amulet of magic regeneration
 L - an amulet of faith (around neck)
 R - an uncursed amulet of the acrobat
Wands
 h - a wand of flame (31)
 k - a wand of enslavement (15)
 t - a wand of iceblast (11)
 S - a wand of polymorph (16)
Scrolls
 d - 2 scrolls of identify
 j - 6 scrolls of teleportation
 m - a scroll of blinking
 p - 2 scrolls of enchant armour
 s - a scroll of enchant weapon
 y - a scroll of remove curse
 C - 3 scrolls of magic mapping {unknown}
 E - 2 scrolls of fear {unknown}
 H - a scroll of noise {unknown}
 O - a scroll of fog {unknown}
 P - a scroll of brand weapon {unknown}
 W - a scroll of amnesia {unknown}
Potions
 c - 2 potions of heal wounds
 i - a potion of agility {unknown}
 n - 3 potions of curing
 o - a potion of degeneration
 r - 4 potions of flight
 z - a potion of mutation {unknown}
 B - a potion of magic {unknown}
 J - 2 potions of brilliance {unknown}
 N - 2 potions of might
 Q - a potion of haste {unknown}
Comestibles
 g - 21 rations
 T - 6 chunks of flesh


   Skills:
 + Level 6.8 Fighting
 + Level 6.9 Short Blades
 - Level 0.4 Maces & Flails
 - Level 7.2 Throwing
 + Level 5.2 Armour
 + Level 8.5 Dodging
 + Level 10.6 Stealth
 - Level 2.7 Spellcasting


You had 7 spell levels left.
You knew the following spells:

 Your Spells              Type           Power        Failure   Level  Hunger
a - Mephitic Cloud        Conj/Pois/Air  #.......     71%         3    ####...
b - Ensorcelled Hibernat  Hex/Ice        #.....       47%         2    ###....
c - Confuse               Hex            #.......     71%         3    ####...

Your spell library contained the following spells:

 Spells                   Type           Power        Failure   Level  Hunger
 Animate Skeleton         Necr           N/A          34%         1    ##.....
 Corona                   Hex            #......      34%         1    ##.....
 Freeze                   Ice            #...         34%         1    ##.....
 Magic Dart               Conj           #...         34%         1    ##.....
 Pain                     Necr           #...         34%         1    ##.....
 Shock                    Conj/Air       #...         34%         1    ##.....
 Sting                    Conj/Pois      #...         34%         1    ##.....
 Summon Butterflies       Summ           #.......     34%         1    ##.....
 Poisonous Vapours        Pois/Air       #.....       47%         2    ###....
 Searing Ray              Conj           #.....       47%         2    ###....
 Swiftness                Chrm/Air       #.......     47%         2    ###....
 Dazzling Spray           Conj/Hex       #.....       71%         3    ####...
 Static Discharge         Conj/Air       #.......     71%         3    ####...
 Tukima's Dance           Hex            #.......     71%         3    ####...
 Airstrike                Air            #.........   98%         4    #####..
 Force Lance              Conj/Tloc      #.......     98%         4    #####..
 Fulminant Prism          Conj/Hex       #.........   98%         4    #####..
 Iskenderun's Mystic Bla  Conj           #.......     98%         4    #####..
 Olgreb's Toxic Radiance  Pois           #.......     98%         4    #####..
 Lightning Bolt           Conj/Air       #.........   100%        5    ######.
 Venom Bolt               Conj/Pois      #.........   100%        5    ######.


Dungeon Overview and Level Annotations

Branches:
Dungeon (10/15)            Temple (1/1) D:7            Lair (0/6) D:8
    Orc: D:9-12

Altars:
Ashenzari
Cheibriados
Dithmenos
Elyvilon
Fedhas
Gozag
Hepliaklqana
Kikubaaqudgha
Makhleb
Nemelex Xobeh
Okawaru
Qazlal
Ru
Sif Muna
Trog
Uskayaw
Vehumet
Wu Jian
Xom
Yredelemnul
Zin
The Shining One


Innate Abilities, Weirdness & Mutations

You are small and have problems with some larger weapons.
You are somewhat resistant to further mutation.


Message History

The manticore is severely wounded.
The manticore misses you.
The manticore claws you but does no damage.
The manticore barely misses you.
You hit the manticore but do no damage.
The manticore is severely wounded.
The manticore bites you!
* * * LOW HITPOINT WARNING * * *
The manticore claws you but does no damage.
The manticore claws you.
* * * LOW HITPOINT WARNING * * *
You hit the manticore.
The manticore is almost dead.
The manticore bites you.
* * * LOW HITPOINT WARNING * * *
The manticore claws you but does no damage. x2
You hit the manticore but do no damage.
The manticore is almost dead.
The manticore misses you. The manticore claws you!
You die...

# ... . ...
#. #.#
#.###.######
#..........#
#..........#
#...H......+
#@.# .#
#..##.#
#.....#
+.....#
#.<...#
#+#####


You could see a manticore.

Vanquished Creatures
  Pikel (D:4)
  A yak (D:8)
  A wyvern (D:9)
  A hungry ghost (D:9)
  3 porcupines (D:8)
  2 water moccasins
  4 orc warriors
  A sky beast (D:7)
  3 ice beasts
  3 black bears
  A phantom (D:5)
  2 slaves
  10 ogres
  3 necrophages
  An eye of draining (D:9)
  A crocodile (D:8)
  2 centaurs
  A big kobold (D:7)
  8 bullfrogs
  2 scorpions
  3 howler monkeys
  2 crimson imps
  5 hounds
  15 orc wizards
  4 orc priests
  A jelly (D:9)
  Crazy Yiuf (D:2)
  A bullfrog skeleton (D:4)
  2 iguanas
  Natasha (thrice) (D:4)
  5 worker ants
  A hound skeleton (D:4)
  A howler monkey zombie (D:9)
  4 gnolls (D:2)
  A howler monkey skeleton (D:6)
  16 adders
  4 shadow imps
  2 adder zombies
  3 adder skeletons
  2 worms (D:2)
  2 dart slugs
  9 leopard geckos
  37 orcs
  2 ball pythons
  11 bats
  8 giant cockroaches
  4 goblins
  6 hobgoblins
  10 jackals
  5 quokkas
  6 frilled lizards
  A giant cockroach zombie (D:5)
  16 kobolds
  A leopard gecko zombie (D:5)
  A quokka skeleton (D:8)
  8 rats
  A fungus (D:8)
255 creatures vanquished.

Vanquished Creatures (others)
  A howler monkey (D:4)
  4 orcs
  24 fungi (D:8)
29 creatures vanquished.

Grand Total: 284 creatures vanquished

Notes
Turn   | Place    | Note
-------+----------+-------------------------------------------
     0 | D:1      | Borgoz the Halfling Assassin began the quest for the Orb.
     0 | D:1      | Reached XP level 1. HP: 14/14 MP: 1/1
    80 | D:1      | Reached XP level 2. HP: 19/19 MP: 2/2
   392 | D:1      | Reached skill level 5 in Stealth
   431 | D:1      | Reached XP level 3. HP: 23/24 MP: 3/3
   782 | D:2      | Found a hazy altar of Hepliaklqana.
  1133 | D:2      | Reached XP level 4. HP: 29/29 MP: 4/4
  1163 | D:2      | Found a runed translucent door.
  1164 | D:2      | Noticed Crazy Yiuf
  1222 | D:2      | Reached skill level 5 in Short Blades
  1222 | D:2      | Reached skill level 7 in Stealth
  1222 | D:2      | Reached XP level 5. HP: 7/37 MP: 4/9
  1312 | D:2      | HP: 2/55 [poisoned by a gnoll]
  1743 | D:3      | Found an iron altar of Okawaru.
  1854 | D:3      | Found a shadowy altar of Dithmenos.
  1950 | D:3      | Reached XP level 6. HP: 41/43 MP: 10/10
  1964 | D:3      | Noticed an ogre
  2008 | D:3      | Killed an ogre
  2296 | D:4      | Noticed Natasha
  2873 | D:4      | Reached XP level 7. HP: 36/48 MP: 11/11
  2927 | D:4      | Killed Natasha
  2927 | D:4      | Reached skill level 5 in Dodging
  2954 | D:4      | Noticed Natasha
  2969 | D:4      | Killed Natasha
  2982 | D:4      | Noticed Natasha
  2998 | D:4      | Killed Natasha
  3030 | D:5      | Entered Level 5 of the Dungeon
  3063 | D:4      | Found an ancient bone altar of Kikubaaqudgha.
  3439 | D:4      | Found a sparkling altar of Nemelex Xobeh.
  3818 | D:4      | Reached XP level 8. HP: 54/54 MP: 12/12
  3880 | D:4      | Noticed Pikel
  4255 | D:4      | Identified the +9 whip "Mahikkikk" {protect, rElec rN+
                  | Dex+4}
  4433 | D:4      | Killed Pikel
  5037 | D:5      | Reached skill level 8 in Stealth
  5037 | D:5      | Reached XP level 9. HP: 45/59 MP: 13/13
  5454 | D:5      | Found a sacrificial altar of Ru.
  5651 | D:5      | Found a basalt altar of Yredelemnul.
  5716 | D:5      | Reached skill level 5 in Fighting
  5908 | D:2      | Killed Crazy Yiuf
  6353 | D:6      | Found a shattered altar of Ashenzari.
  6364 | D:6      | Became a worshipper of Ashenzari the Shackled
  6692 | D:6      | Reached skill level 9 in Stealth
  6804 | D:6      | Found a shimmering altar of Xom.
  6912 | D:6      | Reached XP level 10. HP: 55/66 MP: 14/14
  7119 | D:7      | Found a hide-covered altar of Uskayaw.
  7659 | D:8      | Found a staircase to the Lair.
  7660 | D:8      | Identified First Steps in Thaumaturgy
  7696 | D:8      | Reached skill level 5 in Armour
  7740 | D:8      | Reached skill level 10 in Stealth
  7881 | D:8      | Found a radiant altar of Vehumet.
  7972 | D:8      | Found a glowing golden altar of the Shining One.
  8003 | D:8      | Reached * piety under Ashenzari
  8093 | D:7      | Found a staircase to the Ecumenical Temple.
  8118 | Temple   | Entered the Ecumenical Temple
  8276 | D:7      | Found a sparkling altar of Nemelex Xobeh.
  8404 | D:7      | Found a glowing silver altar of Zin.
  9079 | D:9      | Learned a level 2 spell: Ensorcelled Hibernation
  9083 | D:9      | Learned a level 3 spell: Confuse
  9087 | D:9      | Learned a level 3 spell: Mephitic Cloud
  9370 | D:9      | Reached XP level 11. HP: 57/74 MP: 15/15
  9865 | D:10     | Entered Level 10 of the Dungeon
  9869 | D:10     | Noticed a manticore
  9881 | D:10     | Slain by a manticore

Skill      XL: |  1  2  3  4  5  6  7  8  9 10 |
---------------+-------------------------------+-----
Stealth        | 5 7 8 9 10 | 10.6
Short Blades   | 5 6 |  6.9
Fighting       | 4 5 6 |  6.8
Throwing       | 6 7 |  7.2
Armour         | 4 5 |  5.2
Dodging        | 4 5 6 8 |  8.5
Spellcasting   | 2 |  2.7
Maces & Flails | |  0.4

Action                   |  1- 3 |  4- 6 |  7- 9 | 10-12 || total
-------------------------+-------+-------+-------+-------++-------
Melee: Dagger            |   101 |   203 |   113 |       ||   417
       Whip              |       |       |   297 |   390 ||   687
 Fire: Blowgun           |       |     9 |    26 |       ||    35
Invok: Curse Item        |       |       |     1 |     1 ||     2
  Use: Potion            |       |     6 |     2 |       ||     8
       Scroll            |       |       |     7 |     1 ||     8
 Stab: Sleeping          |    16 |     7 |    15 |    20 ||    58
       Distracted        |       |       |     3 |     1 ||     4
  Eat: Chunk             |     1 |     5 |    14 |    12 ||    32
Armor: Robe              |    27 |    18 |     2 |       ||    47
       Skin              |       |     4 |       |       ||     4
       Leather armour    |       |       |    83 |    85 ||   168
Dodge: Dodged            |    63 |   127 |   267 |   354 ||   811
